Map: Ulrena

Players

Thunderthigh - Winner!

  • Race: Zerg Zerg
  • League: Gold

Solipsis

  • Race: Terran Terran
  • League: Silver

VOD

Have the link to the VOD?

Description

Time

  • Played on: Dec. 4, 2015, 2:57 a.m.
  • Length: 17:43
Show
View Real Time Build Order
Export as new Build Order

Thunderthigh Zerg - Winner!

Build Orders: Hatch First 

Get SALT Encoding   

  12  0:01  Drone  
  13  0:10  Drone  
  14  0:18  Overlord  
  14  0:26  Extractor  
  14  0:28  Extractor  
  12  0:29  Drone x2  
  15  0:37  Drone  
  16  0:46  Drone  
  17  0:55  Drone  
  18  1:09  Hatchery  
  18  1:10  Drone  
  18  1:16  Drone  
  19  1:31  Spawning Pool  
  19  1:32  Drone  
  19  1:41  Overlord  
  19  1:50  Drone  
  20  2:10  Evolution Chamber  
  19  2:19  Queen  
  19  2:21  Metabolic Boost, Zergling x2  
  22  2:25  Queen  
  22  2:27  Zergling x2  
  22  2:28  Zergling x2  
  22  2:29  Drone  
  27  2:35  Drone  
  27  2:36  Drone  
  29  2:46  Drone x2  
  31  2:53  Overlord  
  31  2:58  Lair  
  31  3:07  Drone x2  
  31  3:08  Drone  
  34  3:16  Drone  
  34  3:17  Drone  
  36  3:24  Zerg Ground Armor Level 1  
  36  3:26  Drone  
  38  3:27  Drone  
  38  3:29  Drone  
  38  3:30  Drone  
  38  3:31  Drone  
  41  3:37  Drone  
  41  3:38  Drone x2  
  44  3:43  Overlord  
  44  3:45  Overlord  
  44  3:58  Burrow  
  44  4:01  Extractor  
  43  4:07  Drone  
  43  4:08  Drone x3  
  47  4:12  Extractor  
  47  4:16  Drone x2  
  48  4:28  Zergling x10  
  48  4:30  Infestation Pit  
  52  4:33  Baneling Nest  
  51  4:44  Drone  
  52  4:46  Drone  
  52  4:48  Hatchery  
  52  5:07  Hive  
  52  5:09  Zergling x10  
  52  5:10  Zergling x4  
  59  5:16  Drone  
  59  5:17  Evolution Chamber  
  59  5:18  Evolution Chamber  
  58  5:24  Drone  
  58  5:25  Drone  
  58  5:28  Extractor  
  59  5:31  Overlord x2  
  59  5:47  Zerg Melee Weapons Level 1  
  59  5:48  Zerg Missile Weapons Level 1  
  59  5:50  Roach Warren  
  59  5:52  Drone x4  
  59  5:53  Drone  
  63  6:00  Baneling x3  
  63  6:01  Baneling x3  
  63  6:02  Baneling  
  63  6:05  Queen  
  63  6:08  Drone x4  
  63  6:10  Drone  
  70  6:12  Drone x2  
  70  6:13  Drone, Overlord  
  73  6:26  Ultralisk Cavern  
  73  6:28  Spire  
  73  6:29  Drone x2  
  73  6:30  Drone x2  
  73  6:31  Drone  
  76  6:40  Drone x2  
  76  6:41  Drone x4  
  76  6:42  Drone  
  83  7:01  Pneumatized Carapace  
  83  7:02  Overseer  
  82  7:19  Ultralisk  
  82  7:20  Overlord x3  
  88  7:28  Extractor  
  88  7:29  Extractor  
  86  7:35  Drone x3  
  89  7:54  Hatchery  
  88  8:00  Hatchery  
  87  8:06  Ultralisk  
  87  8:07  Ultralisk  
  87  8:08  Ultralisk, Viper  
  87  8:09  Overlord x2  
  87  8:10  Overlord  
  108  8:16  Hatchery  
  107  8:24  Zerg Melee Weapons Level 2  
  107  8:25  Zerg Ground Armor Level 2  
  107  8:29  Overlord, Zergling x4  
  107  8:30  Zergling x22  
  107  8:34  Overlord x2  
  119  9:19  Spine Crawler  
  119  9:23  Spine Crawler  
  117  9:25  Spore Crawler  
  117  9:31  Spine Crawler x2  
  115  9:36  Spine Crawler  
  115  9:38  Spore Crawler  
  112  9:42  Spine Crawler  
  112  9:43  Drone x3  
  112  9:44  Drone x5  
  112  9:45  Drone x5  
  124  9:52  Spore Crawler  
  123  9:53  Spore Crawler  
  123  9:55  Spine Crawler  
  123  9:59  Spine Crawler  
  119  10:01  Spine Crawler  
  119  10:02  Drone x2  
  119  10:03  Drone x5  
  125  10:10  Spine Crawler  
  125  10:11  Spine Crawler  
  123  10:14  Spore Crawler  
  123  10:18  Spine Crawler  
  123  10:19  Spore Crawler  
  123  10:20  Queen  
  122  10:21  Spine Crawler  
  122  10:22  Queen  
  122  10:26  Drone  
  122  10:27  Drone  
  122  10:28  Drone x6  
  130  10:29  Drone x5  
  130  10:30  Drone x3  
  139  10:43  Ultralisk  
  139  10:44  Ultralisk, Overlord  
  139  10:47  Overseer  
  147  11:01  Baneling x3  
  147  11:02  Baneling x6  
  141  11:05  Ultralisk x2  
  122  11:35  Ultralisk  
  122  11:36  Ultralisk x2  
  122  11:37  Ultralisk  
  146  11:43  Drone  
  146  11:44  Drone x4  
  146  11:45  Drone  
  152  12:04  Hatchery  
  152  12:05  Chitinous Plating  
  151  12:09  Zerg Ground Armor Level 3  
  151  12:21  Hydralisk Den  
  150  12:26  Extractor  
  149  12:30  Extractor  
  149  12:34  Drone x3  
  149  12:35  Drone x2  
  153  12:38  Drone  
  153  12:39  Drone x3  
  153  12:42  Extractor  
  156  12:45  Extractor  
  156  12:49  Drone x2  
  156  12:50  Drone x5  
  162  12:54  Drone x2  
  162  12:55  Drone x3  
  162  12:56  Overlord x2  
  162  12:57  Overlord x2  
  167  13:02  Centrifical Hooks  
  167  13:08  Zerg Melee Weapons Level 3  
  167  13:18  Hydralisk  
  167  13:19  Hydralisk x6  
  177  13:24  Viper  
  177  13:25  Viper  
  177  13:26  Viper  
  190  13:47  Hatchery  
  170  14:16  Drone x4  
  175  14:17  Drone x6  
  175  14:18  Drone  
  181  14:33  Hatchery  
  181  14:34  Zergling x12  
  181  14:35  Zergling x18  
  195  14:41  Queen  
  197  14:46  Zerg Missile Weapons Level 2  
  191  15:09  Baneling  
  191  15:10  Baneling x4  
  135  15:37  Ultralisk, Zergling x8  
  135  15:38  Ultralisk x6, Zergling x12  
  135  15:39  Ultralisk, Zergling x2  
  184  15:54  Queen  
  176  16:00  Drone x2  
  176  16:01  Drone x2  
  180  16:10  Zergling x2  
  180  16:11  Zergling x2  
  179  16:13  Zergling x10  
  179  16:14  Zergling x12  
  190  16:27  Hydralisk x2  
  190  16:28  Hydralisk x3  
  200  16:41  Overseer x3  
  200  16:45  Baneling  
  200  16:46  Baneling x5  
  200  16:47  Baneling x10  
  200  16:48  Baneling x11  
Show
View Real Time Build Order
Export as new Build Order

Solipsis Terran 

Build Orders: MMM Bio 

Get SALT Encoding   

  12  0:01  SCV  
  13  0:13  SCV  
  14  0:17  Supply Depot  
  14  0:25  SCV  
  15  0:39  SCV  
  15  0:41  Barracks  
  16  0:51  SCV  
  16  0:54  Supply Depot  
  17  1:03  SCV  
  18  1:11  Refinery  
  18  1:15  SCV  
  19  1:29  Orbital Command  
  19  1:30  Marine  
  20  1:55  Marine  
  20  2:00  Command Center  
  21  2:01  SCV  
  22  2:16  SCV, Bunker  
  23  2:24  Barracks Reactor  
  23  2:30  Barracks  
  23  2:36  SCV  
  24  2:37  Refinery  
  23  3:07  SCV  
  24  3:14  Orbital Command  
  24  3:16  Marine x2  
  24  3:18  Barracks Tech Lab  
  24  3:19  SCV  
  27  3:25  Factory  
  27  3:28  Barracks  
  27  3:31  SCV, Engineering Bay  
  28  3:35  Engineering Bay  
  28  3:39  Stimpack, Marine  
  28  3:40  Marine  
  30  3:45  SCV  
  31  3:53  SCV  
  32  3:57  Marauder  
  32  3:59  Marine x2  
  36  4:07  SCV x2  
  36  4:08  Refinery  
  38  4:16  Barracks Reactor, Factory Reactor  
  38  4:19  SCV  
  39  4:31  SCV, Supply Depot  
  40  4:34  Marauder, Marine x2  
  40  4:35  Supply Depot, Armory  
  44  4:39  SCV  
  44  4:43  SCV  
  44  4:45  Refinery  
  46  4:53  SCV  
  46  4:54  Widow Mine x2  
  46  4:56  Marine x3  
  46  4:58  Marine  
  55  5:02  Marauder  
  55  5:05  SCV  
  58  5:14  SCV  
  58  5:17  SCV  
  60  5:26  SCV  
  60  5:27  Starport  
  61  5:36  Missile Turret  
  61  5:39  Terran Infantry Weapons Level 1  
  61  5:40  Terran Infantry Armor Level 1, Marine  
  62  5:49  Supply Depot  
  62  5:52  Supply Depot  
  62  5:58  Missile Turret  
  62  6:06  Starport Reactor  
  62  6:10  Widow Mine  
  62  6:11  Marauder, Marine x4  
  70  6:13  Widow Mine  
  70  6:16  SCV x2  
  74  6:22  Supply Depot, Missile Turret  
  74  6:25  Supply Depot  
  74  6:30  Marine x2  
  74  6:31  Marine x2  
  78  6:36  Combat Shields  
  78  6:44  Marauder  
  80  6:50  Barracks  
  80  6:51  Barracks, Marine  
  81  6:57  Hellbat  
  81  6:59  Hellbat  
  85  7:02  Marine x3  
  85  7:06  Marauder  
  90  7:22  Medivac x2  
  94  7:44  Supply Depot, Terran Infantry Weapons Level 2  
  94  7:47  Terran Infantry Armor Level 2  
  94  7:48  Supply Depot  
  94  7:54  Barracks Reactor, Barracks Tech Lab  
  94  8:05  Medivac x2, Marine x4  
  102  8:09  Marauder, Widow Mine x2  
  102  8:12  Supply Depot  
  108  8:14  Supply Depot  
  108  8:16  Missile Turret  
  107  8:26  Marine x2  
  107  8:27  Marine  
  109  8:34  Marauder, Marine x2  
  113  8:38  Hellbat x2  
  118  8:41  Marine x2  
  118  8:44  Marine x2  
  122  8:52  Marauder  
  126  8:56  Marauder  
  124  9:58  Command Center  
  124  10:01  Hellbat  
  126  10:07  Concussive Shells  
  126  10:22  Supply Depot  
  126  10:25  Supply Depot  
  126  10:29  Supply Depot  
  126  10:44  Marauder, Hellbat, Marine x4  
  126  10:46  Medivac x2, Marine x3  
  141  11:01  Marine x2  
  141  11:02  Marauder  
  141  11:04  Marine x3  
  145  11:06  Marauder  
  147  11:16  Medivac x2  
  147  11:23  Marauder  
  136  11:27  Marauder  
  132  11:44  Widow Mine  
  132  11:45  Widow Mine  
  132  11:46  Medivac x2  
  141  11:51  Planetary Fortress  
  140  11:55  Refinery  
  140  11:59  Liberator x2  
  140  12:00  Marine x2  
  140  12:01  Marauder x2, Marine x4  
  150  12:22  Marauder x2  
  160  12:31  Terran Infantry Weapons Level 3  
  160  12:32  Terran Infantry Armor Level 3  
  160  12:33  Terran Vehicle Weapons Level 1  
  160  12:44  Marauder  
  162  12:50  Factory  
  162  12:53  Barracks  
  162  12:56  Factory Tech Lab  
  162  12:59  Marauder, Marine  
  165  13:29  Supply Depot  
  165  13:30  Supply Depot  
  165  13:31  Supply Depot  
  165  13:32  Supply Depot x2  
  165  13:33  Liberator x2  
  165  13:47  Marine x2  
  165  13:50  Marine x2  
  165  13:51  Marauder x2, Marine x2  
  139  14:08  Marine x4  
  139  14:09  Marine x2  
  143  14:13  Factory Tech Lab, Marauder x2  
  143  14:15  Thor  
  153  14:45  Thor  
  159  14:52  Armory  
  145  15:25  Marauder, Marine x5  
  145  15:26  Marauder, Marine  
  135  15:32  Marine x2  
  73  15:43  Marine x2  
  73  15:45  Marine x4  
  73  15:47  Marauder x2  
  64  15:55  Marine  
  64  15:56  Marine  
  65  16:00  Marine  
  65  16:01  Marine  
  66  16:07  Marine x2  
  66  16:08  Marauder x2  
  72  16:18  Marine  
  73  16:30  Marauder x2  
  77  16:51  Marauder x2  
  79  17:08  Marine  
  79  17:09  Marine x4  
  79  17:10  Marine x3  
  79  17:12  Marauder  
  79  17:13  Marauder  
Tags
 
Composition
MMM Bio
Matchup
TvZ
Add a new tag
Caveats
  • Supply blocks, unpowered buildings, or Contaminate may cause inaccurate times.
  • Supply counts are checked every 10 seconds.